[Event "*** Titled Tuesday Blitz"]
[Site "Chess.com"]
[Date "2020.03.03"]
[Round "4"]
[White "obliviate12"]
[Black "JSPrepz"]
[Result "1-0"]
[WhiteElo "2864"]
[BlackElo "2750"]
[TimeControl "180+1"]
[EndTime "9:42:09 PST"]
[Termination "obliviate12 won by resignation"]

1. e4 e5 2. Nf3 Nc6 3. Bc4 Nf6 4. d3 h6 5. c3 d6 6. Nbd2 g5 7. h4 g4 8. Nh2 Bg7 9. Ndf1 Be6 10. Bxe6 fxe6 11. Nxg4 Qe7 12. Ng3 O-O-O 13. Qe2 h5 14. Nh2 d5 15. Bg5 d4 16. c4 Kb8 17. O-O Rdg8 18.
Nxh5 Rxh5 19. Bxf6 Qf7 20. Bg5 Rh7 21. Ng4 Rgh8 22.
f4 exf4 23. Rxf4 Qg6 24. Raf1 a5 25. Nf6 Bxf6 26. Rxf6 Qg7 27. Rxe6 Ka7 28. Bf6 Qd7 29. Rxc6 bxc6 30. Bxh8 Rxh8 31. Rf4 Rg8 32. e5 Kb7 33. e6 Qe7 34. Qe5 Qb4 35. Rf7 Ka8 36. e7 Re8 37. a3 Qd2 38. Rf8 Kb7 39. Rxe8 Qe1+ 40.
Qxe1 1-0

[Event "*** Titled Tuesday Blitz"]
[Site "Chess.com"]
[Date "2020.03.03"]
[Round "4"]
[White "maestroza"]
[Black "Boundless_Strike"]
[Result "0-1"]
[WhiteElo "2480"]
[BlackElo "2689"]
[TimeControl "180+1"]
[EndTime "9:42:09 PST"]
[Termination "Boundless_Strike won on time"]

1. d4 Nf6 2. Nf3 d5 3. e3 e6 4. Bd3 c5 5. b3 cxd4 6. exd4 Bb4+ 7.
c3 Bd6 8. O-O O-O 9. Nbd2 b6 10.
Bb2 Bb7 11. Qe2 Nc6 12. Ne5 Ne7 13. Rae1 Ng6 14. f4 a6 15. a4 b5 16. axb5 axb5 17.
Bxb5 Ra2 18. Rb1 Ne4 19. Nxe4 dxe4 20. c4 Ba3 21. Kh1 Nxe5 22. fxe5 Qxd4 23. Bxd4 Rxe2 24. Rf2 Rxf2 25. Bxf2 f5 26. exf6 gxf6 27. c5 Rd8 28. c6 Bc8 29. Ra1 Bb2 30. Rb1 Rd2 31. Be3 Rc2 32.
Bc4 Kg7 33. c7 Be5 34. Bb6 f5 35. Kg1 f4 36. Rd1 e3 37. Rd8 Rc1+ 38. Bf1 e2 0-1

[Event "*** Titled Tuesday Blitz"]
[Site "Chess.com"]
[Date "2020.03.03"]
[Round "4"]
[White "ShahMatKanal"]
[Black "Nalatac"]
[Result "0-1"]
[WhiteElo "2497"]
[BlackElo "2289"]
[TimeControl "180+1"]
[EndTime "9:42:10 PST"]
[Termination "Nalatac won by checkmate"]

1. e4 c5 2. Nc3 Nc6 3. Bb5 Nd4 4.
Nf3 a6 5. Bd3 Nc6 6. O-O g6 7.
b3 Bg7 8. Bb2 e6 9. Na4 Bxb2 10.
Nxb2 d5 11. exd5 exd5 12. Re1+ Nge7 13. Ne5 O-O 14. Qf3 Nxe5 15. Rxe5 Be6 16. Rae1 Nc6 17.
R5e3 Qd6 18. Qg3 Qxg3 19. hxg3 b5 20. c3 Rfd8 21. R3e2 Rd6 22. Bb1 Rad8 23. d3 d4 24. c4 Ne7 25. Rc1 b4 26. Na4 Rc8 27. Rf1 Bg4 28. f3 Bd7 29. Nb2 Nf5 30. g4 Ng3 31. Rfe1 Nxe2+ 32. Rxe2 Re8 33. Kf2 Rde6 34. Re4 f5 35.
gxf5 gxf5 36. Rxe6 Rxe6 37. Bc2 f4 38. Nd1 Kg7 39. Kf1 Kf6 40. Nf2 Bc6 41. Nh3 Kf5 42. Bd1 Re3 43. Nf2 Re5 44. Be2 Re7 45. Ng4 h5 46. Nf2 a5 47. Ke1 Ra7 48. Kd2 a4 49. Bd1 Ra8 50. Ne4 Bxe4 51. fxe4+ Ke5 52. Bxh5 axb3 53. axb3 Ra2+ 54. Ke1 Rxg2 55. Bf3 Rb2 56. Bd1 f3 57. Bxf3 Rxb3 58. Kd2 Rb2+ 59. Kc1 Rf2 60. Bd1 Kf4 61. Bc2 Ke3 62. Bb1 Rf1+ 63. Kb2 Rf2+ 64. Kb3 Kd2 65. e5 Re2 66. Ka4 Rxe5 67. Kb5 Kc3 68.
Kc6 Kb2 69. Kd6 Rh5 70. Bc2 Kxc2 71. Kc6 Kxd3 72. Kb5 Kc3 73. Ka4 b3 74. Ka3 b2 75.
Ka2 Kc2 76. Ka3 Rh3+ 77. Ka4 b1=Q 78. Ka5 Ra3# 0-1

[Event "*** Titled Tuesday Blitz"]
[Site "Chess.com"]
[Date "2020.03.03"]
[Round "4"]
[White "DishonorOnYourCow"]
[Black "Alexander_Moskalenko"]
[Result "0-1"]
[WhiteElo "2297"]
[BlackElo "2834"]
[TimeControl "180+1"]
[EndTime "9:42:14 PST"]
[Termination "Alexander_Moskalenko won on time"]

1. d4 d5 2. c4 c6 3. Nf3 Nf6 4. e3 e6 5. b3 Nbd7 6. Bb2 Bd6 7. Bd3 O-O 8. Nbd2 Re8 9. Ne5 dxc4 10. Ndxc4 Bb4+ 11. Kf1 Bf8 12. h4 c5 13. Qf3 Nxe5 14. Nxe5 cxd4 15. Bxd4 Qd5 16. Qxd5 Nxd5 17. Ke2 b6 18. Bb5 Re7 19. Rac1 f6 20. Nd3 Bb7 21. Bc6 e5 22. Bb2 Rd8 23. Ba3 Rf7 24. Bxf8 Kxf8 25. Bxb7 Rxb7 26.
Rhd1 Rbd7 27. e4 Nc7 28. Nb4 Ne6 29. Nc6 Nf4+ 30. Ke1 Nxg2+ 31. Ke2 Nf4+ 32. Ke1 Ng2+ 33. Ke2 Rxd1 34. Rxd1 Nf4+ 35. Ke1 Ng2+ 36. Ke2 Rxd1 37. Kxd1 a6 38. Nb8 Nxh4 39. Nxa6 Nf3 40. Ke2 Nd4+ 41. Kd3 h5 42. Ke3 h4 43. f3 h3 44. Kf2 h2 45.
Kg2 Nxf3 46. Nc7 g5 47. Nd5 Kf7 48. Nxb6 g4 49. a4 g3 50. a5 Ne1+ 51. Kh1 Nd3 0-1

[Event "*** Titled Tuesday Blitz"]
[Site "Chess.com"]
[Date "2020.03.03"]
[Round "4"]
[White "Witik"]
[Black "karwowskikacper"]
[Result "1-0"]
[WhiteElo "2637"]
[BlackElo "2374"]
[TimeControl "180+1"]
[EndTime "9:42:14 PST"]
[Termination "Witik won by resignation"]

1. d4 Nf6 2. Bf4 d6 3. Nf3 Nbd7 4. c4 g6 5. Nc3 Bg7 6. e3 O-O 7. h3 c6 8. Bh2 Qc7 9. c5 b5 10. cxd6 exd6 11. Rc1 Qb8 12. Be2 Bb7 13. O-O Nb6 14.
Re1 Rd8 15. Bf1 b4 16. Ne2 a5 17. Nf4 Qa7 18. e4 Re8 19. e5 dxe5 20. dxe5 Nfd5 21. e6 Nxf4 22. exf7+ Kxf7 23. Bxf4 Kg8 24. Ng5 h6 25. Qb3+ Nd5 26. Ne6 Qb6 27. Bc7 a4 28. Qc4 Qa6 29. Qg4 Qa7 30. Qxg6 Re7 31. Be5 Rf8 32. Bxg7 Qxf2+ 33.
Kh1 Nf4 34. Nxf4 Rxg7 35. Qe6+ Kh8 36. Ng6+ Rxg6 37. Qxg6 c5 38. Qxh6+ Kg8 39. Qg6+ Kh8 40. Qh5+ Kg7 41. Rxc5 Qxe1 42. Qg5+ Kf7 43. Rc7+ Ke6 44. Qe7+ Kd5 45. Qxe1 1-0

[Event "*** Titled Tuesday Blitz"]
[Site "Chess.com"]
[Date "2020.03.03"]
[Round "4"]
[White "GelmanAlexander"]
[Black "HrvojeZagreb"]
[Result "1/2-1/2"]
[WhiteElo "2464"]
[BlackElo "2216"]
[TimeControl "180+1"]
[EndTime "9:42:14 PST"]
[Termination "Game drawn - insufficient material"]

1. e4 e6 2. Nf3 d5 3. e5 c5 4. b4 c4 5. a3 f6 6. d3 cxd3 7.
Bxd3 fxe5 8. Nxe5 Nf6 9. Nd2 Nc6 10. Ndf3 Bd6 11. Bb2 Qc7 12. Qe2 O-O 13. O-O a6 14. Rad1 Bd7 15. c4 Nxe5 16. Nxe5 Ba4 17. Rc1 Qe7 18.
f4 Bc6 19. c5 Bc7 20. Bd4 Rad8 21. Rce1 Ne4 22. Nxc6 bxc6 23. Bxe4 dxe4 24. Qxe4 Qd7 25. Ba1 a5 26. Qxe6+ Qxe6 27. Rxe6 Bxf4 28. g3 Bd2 29. Re7 Rxf1+ 30. Kxf1 axb4 31. Rxg7+ Kf8 32. axb4 Bxb4 33.
Bf6 Bxc5 34. Rxh7 Rd2 35. Bg5 Rc2 36. h4 Kg8 37. Rc7 Bd4 38. g4 c5 39. h5 Rf2+ 40. Ke1 Rg2 41. h6 Rxg4 42. h7+ Kh8 43. Bd2 Rh4 44. Bg5 Rxh7 45. Rc8+ Kg7 46. Rc7+ Kg6 47. Rxh7 Kxh7 48. Kd2 Kg6 49. Be7 Kf5 50. Bxc5 1/2-1/2

[Event "*** Titled Tuesday Blitz"]
[Site "Chess.com"]
[Date "2020.03.03"]
[Round "4"]
[White "SHIVACalypso"]
[Black "Turkey-Champion"]
[Result "0-1"]
[WhiteElo "2194"]
[BlackElo "2478"]
[TimeControl "180+1"]
[EndTime "9:42:15 PST"]
[Termination "Turkey-Champion won on time"]

1. Nf3 d5 2. c4 d4 3. e3 c5 4. exd4 cxd4 5. b4 f6 6. c5 e5 7. Bc4 e4 8. Ng1 Nc6 9. Qb3 Nh6 10. d3 Ne5 11. dxe4 Nxc4 12. Qxc4 Nf7 13. Ne2 d3 14. Nf4 Ne5 15. Qd5 Qxd5 16. Nxd5 Kf7 17. f4 Nc6 18.
Kd2 Be6 19. Nbc3 Rd8 20. a3 f5 21. Kxd3 fxe4+ 22. Kxe4 g6 23. Be3 Bg7 24. Rad1 Rhe8 25.
Kf3 Rd7 26. Rd2 Red8 27. Rhd1 a6 28. h3 Ne7 29. Nxe7 Rxd2 30. Rxd2 Kxe7 31. Rxd8 Kxd8 32. Ne4 Bd5 33. g4 Ke7 34. f5 Kf7 35. Bg5 h6 36. Bd2 gxf5 37. gxf5 Bd4 38. Kf4 Ke7 39. Nd6 b6 40. Be3 bxc5 41. bxc5 Bb2 0-1

[Event "*** Titled Tuesday Blitz"]
[Site "Chess.com"]
[Date "2020.03.03"]
[Round "4"]
[White "Timurist"]
[Black "Haykoooo0o"]
[Result "0-1"]
[WhiteElo "2235"]
[BlackElo "2483"]
[TimeControl "180+1"]
[EndTime "9:42:18 PST"]
[Termination "Haykoooo0o won by resignation"]

1. e4 e5 2. Nf3 Nc6 3. d4 exd4 4. Bc4 Nf6 5. e5 d5 6. Bb5 Ne4 7. Nxd4 Bc5 8. Be3 O-O 9. Bxc6 bxc6 10. Nc3 Nxc3 11.
bxc3 Qe8 12. O-O Bd7 13. f4 f6 14. Qd2 fxe5 15. fxe5 Qxe5 16. Rae1 Rxf1+ 17. Rxf1 Re8 18. Bf4 Bxd4+ 19. cxd4 Qe2 20. Qxe2 Rxe2 21. Rf2 Re4 22. c3 Bc8 23. Bxc7 Ba6 24. h3 Re3 25. Ba5 Bc4 26. a4 Re1+ 27. Kh2 Ra1 28. Bb4 h6 29. a5 a6 30. Kg3 Kh7 31. Kf4 Re1 32. h4 Kg6 33. Rf3 Re4+ 34. Kg3 Re2 35. Rf2 Re1 36. Kf4 Bd3 37.
g4 h5 38. g5 Re4+ 39. Kg3 Rg4+ 40. Kh3 Bf5 41. Rg2 Rxd4+ 42. Kg3 Rg4+ 43. Kf2 Rxh4 44. Be7 Rc4 45. Rg3 h4 46. Re3 Be4 47. Kg1 Kf5 48.
Kh2 Kg4 49. Kg1 g6 50. Kh2 Ra4 51. Re2 Rxa5 52. c4 Ra1 0-1

[Event "*** Titled Tuesday Blitz"]
[Site "Chess.com"]
[Date "2020.03.03"]
[Round "4"]
[White "bilelou"]
[Black "VerdeNotte"]
[Result "0-1"]
[WhiteElo "2579"]
[BlackElo "2809"]
[TimeControl "180+1"]
[EndTime "9:42:19 PST"]
[Termination "VerdeNotte won by resignation"]

1. e4 c5 2. Nf3 d6 3. d4 Nf6 4.
Nc3 cxd4 5. Nxd4 g6 6. Be3 Nc6 7. Be2 Bg7 8. Qd2 O-O 9. O-O-O Ng4 10. Bxg4 Bxg4 11. f3 Be6 12. g4 Qa5 13. h4 Bxa2 14.
h5 Be6 15. Qh2 g5 16. h6 Bxd4 17. Bxd4 Nxd4 18. Rxd4 Rac8 19. Ra4 Qc5 20. Qd2 b5 21. Ra5 a6 22. Kb1 f6 23. Re1 Qb4 24. Ra3 a5 25. Kc1 Rc5 26. Nd1 Rfc8 27. Ne3 Qxd2+ 28. Kxd2 b4 29. Raa1 Kf7 30. b3 Kg6 31. Rh1 Bd7 32. Nd5 Rxc2+ 33. Ke3 R8c5 34. Nxe7+ Kf7 35. Nd5 Be6 36.
Rhd1 Kg6 37. Rd3 Bxd5 38. Rxd5 Rxd5 39. exd5 Rc5 40. Kd4 Kxh6 41. Re1 Rc3 42. Re6 Kg7 43. Rxd6 Rxb3 44. Ra6 Rxf3 45. d6 Kf7 46. Kd5 Rd3+ 47. Kc6 Ke6 48. Kc7 b3 49. d7+ Ke7 0-1

[Event "*** Titled Tuesday Blitz"]
[Site "Chess.com"]
[Date "2020.03.03"]
[Round "4"]
[White "LawrenceTrent"]
[Black "gmcorrales"]
[Result "1-0"]
[WhiteElo "2602"]
[BlackElo "2772"]
[TimeControl "180+1"]
[EndTime "9:42:20 PST"]
[Termination "LawrenceTrent won by resignation"]

1. d4 Nf6 2. Nc3 d5 3. Bf4 c6 4. e3 Bf5 5. Bd3 Bg6 6. Nf3 e6 7. Ne5 Nbd7 8. h4 Nxe5 9. Bxe5 Bb4 10. h5 Bxd3 11. cxd3 Bd6 12. h6 Bxe5 13. hxg7 Rg8 14. dxe5 Nd7 15. Rxh7 Qg5 16. Qh5 Qxe5 17. Qxe5 Nxe5 18.
Ke2 Ke7 19. Rah1 Rae8 20. R1h3 f6 21. f4 Ng4 22. Rg3 f5 23. Kd2 Kf6 24. Ne2 Rxg7 25. Rxg7 Kxg7 26. Nd4 Kf6 27. Rh3 Kg7 28. Nf3 c5 29. Ng5 Nf6 30. Rg3 Nh5 31. Rh3 Kg6 32.
Nf3 Rh8 33. Ne5+ Kg7 34. g4 fxg4 35. Nxg4 d4 36. Ne5 dxe3+ 37. Kxe3 b6 38. Nc4 Nf6 39. Rxh8 Kxh8 40. Nd6 Kg7 41. Nc8 Nd5+ 42. Ke4 a5 43. Ke5 Kf7 44. a3 a4 45. f5 Ne3 46. fxe6+ Ke8 47. Nxb6 Kd8 48. Nxa4 c4 49. d4 Nd1 50. d5 Ne3 51. d6 Ng4+ 52. Kd5 Nf6+ 53. Kc6 Ne4 54. Nc5 Ke8 55. Nxe4 1-0

[Event "*** Titled Tuesday Blitz"]
[Site "Chess.com"]
[Date "2020.03.03"]
[Round "4"]
[White "Lubov_Gordyk"]
[Black "Noam_Vitenberg"]
[Result "1-0"]
[WhiteElo "2641"]
[BlackElo "2411"]
[TimeControl "180+1"]
[EndTime "9:42:21 PST"]
[Termination "Lubov_Gordyk won on time"]

1. e4 c6 2. d3 d5 3. Nf3 Bg4 4. Be2 e6 5. O-O Nf6 6. Ne5 Bxe2 7. Qxe2 Be7 8. Nd2 O-O 9. Nef3 c5 10. b3 Nc6 11.
Bb2 Rc8 12. e5 Nd7 13. c4 d4 14. Rfe1 Qc7 15. Nf1 Rfe8 16. Ng3 a6 17. Bc1 b5 18. h4 bxc4 19. bxc4 Rb8 20. h5 h6 21. Bf4 Rb7 22. Nh2 Reb8 23. Ng4 Rb2 24. Qf3 Bf8 25. Ne4 Nb4 26. Qg3 Kh8 27. Nef6 gxf6 28. exf6 Qd8 29.
Bxb8 Qxb8 30. Qxb8 Nxb8 31. a3 Nxd3 32. Red1 Nf4 33. Rab1 Rxb1 34. Rxb1 Nc6 35. Rb6 Na5 36. Rb8 Kg8 37. Nxh6+ Kh7 38. Nxf7 d3 39. Rxf8 d2 40.
Rd8 Nxc4 41. Ng5+ Kh6 42. f7 Nd5 43. f8=Q+ Kxg5 44. Rxd5+ exd5 45. Qg8+ 1-0

[Event "*** Titled Tuesday Blitz"]
[Site "Chess.com"]
[Date "2020.03.03"]
[Round "4"]
[White "youngKID"]
[Black "MarcoRiehle"]
[Result "0-1"]
[WhiteElo "2837"]
[BlackElo "2748"]
[TimeControl "180+1"]
[EndTime "9:42:24 PST"]
[Termination "MarcoRiehle won on time"]

1. Nf3 Nf6 2. g3 c5 3. Bg2 Nc6 4. O-O e5 5. c4 d5 6. cxd5 Nxd5 7. Nc3 Be6 8. d3 Be7 9. Bd2 O-O 10. a3 f6 11. Rc1 Qd7 12. Qa4 Rac8 13. Nxd5 Bxd5 14. b4 Rfd8 15. Rfe1 b6 16. bxc5 Bxc5 17. Bb4 Bxb4 18. axb4 Be6 19. Ng5 fxg5 20. Bxc6 Qe7 21. Be4 g6 22. b5 Kg7 23. Rc6 Bd7 24. Qxa7 Qb4 25. Rxc8 Qxe1+ 26. Kg2 Kh6 27. Rxd8 Bh3+ 28. Kxh3 Qf1+ 29.
Bg2 g4+ 30. Kxg4 Qxf2 31. Qd7 Qxe2+ 32. Bf3 Qxh2 33. Qf5 gxf5+ 34. Kxf5 Qf2 0-1

[Event "*** Titled Tuesday Blitz"]
[Site "Chess.com"]
[Date "2020.03.03"]
[Round "4"]
[White "afgano29"]
[Black "M1711"]
[Result "1/2-1/2"]
[WhiteElo "2707"]
[BlackElo "2546"]
[TimeControl "180+1"]
[EndTime "9:42:28 PST"]
[Termination "Game drawn by agreement"]

1. d4 Nf6 2. c4 c5 3. d5 b5 4. cxb5 a6 5. bxa6 g6 6. Nc3 Bxa6 7. e4 Bxf1 8. Kxf1 d6 9. g3 Bg7 10. Kg2 O-O 11. Nf3 Qb6 12. Qe2 Na6 13. Bg5 Rfb8 14. Rab1 Nc7 15. Rhd1 h6 16. Bxf6 Bxf6 17. e5 Bg7 18. b3 Nb5 19. Nxb5 Qxb5 20. Qxb5 Rxb5 21.
exd6 exd6 22. a4 Rb4 23. Nd2 Ra6 24. Nc4 Kf8 25. Rd3 Bd4 26. Re1 Rxc4 27. bxc4 Rxa4 28. Rc1 Ra2 29. Rf3 h5 30. Kf1 f5 31. h4 Kf7 32.
Kg2 Kf6 33. Rf4 Be3 34. Re1 Bxf4 35. Re6+ Kf7 36. gxf4 Ra6 37. Kg3 Ra3+ 38. Kg2 Ra6 39. Kf1 Ra1+ 40. Ke2 Ra6 41. Kd3 Rb6 42. Kc3 Ra6 43. Kd3 Rb6 44. Ke3 Rb3+ 45. Ke2 Rb6 46. Kf3 Rb3+ 47. Kg2 Rb6 1/2-1/2

[Event "*** Titled Tuesday Blitz"]
[Site "Chess.com"]
[Date "2020.03.03"]
[Round "4"]
[White "chris_rock_comic"]
[Black "Tjktiger"]
[Result "1-0"]
[WhiteElo "2897"]
[BlackElo "2784"]
[TimeControl "180+1"]
[EndTime "9:42:29 PST"]
[Termination "chris_rock_comic won on time"]

1. d4 Nf6 2. c4 g6 3. Nc3 d5 4. e3 Bg7 5. Qb3 e6 6. Nf3 O-O 7. Be2 b6 8. O-O c5 9. dxc5 bxc5 10.
Rd1 dxc4 11. Qxc4 Nbd7 12. e4 Qc7 13. e5 Nxe5 14. Nxe5 Qxe5 15. Bf4 Qf5 16. Bf3 Ba6 17.
Qxa6 Qxf4 18. Bxa8 Rxa8 19. Qa4 Qf5 20. Qc6 Rf8 21. Rd2 Ng4 22. Qe4 Qg5 23. Rad1 Bd4 24. h3 Nf6 25. Qf3 e5 26. Qb7 Nh5 27. Ne4 Qh4 28. a4 Nf4 29. g3 Nxh3+ 30. Kg2 Nf4+ 31. gxf4 Qg4+ 32. Kf1 Qh3+ 33. Ke2 exf4 34. Rxd4 cxd4 35. Rxd4 Qe6 36. Qd5 Qe7 37. Qd6 Qh4 38. Nf6+ Kg7 39. Rxf4 Qg5 40. Qxf8+ 1-0

[Event "*** Titled Tuesday Blitz"]
[Site "Chess.com"]
[Date "2020.03.03"]
[Round "4"]
[White "Gahan-MG"]
[Black "Peroncio"]
[Result "1-0"]
[WhiteElo "2476"]
[BlackElo "2658"]
[TimeControl "180+1"]
[EndTime "9:42:29 PST"]
[Termination "Gahan-MG won on time"]

1. e4 e6 2. b3 d5 3. Bb2 a6 4. exd5 exd5 5. Nf3 Nf6 6. Qe2+ Be6 7. g3 Bc5 8. Bh3 O-O 9. Bxe6 fxe6 10. Qxe6+ Kh8 11.
O-O Ne4 12. Ne5 Ng5 13. Qg4 Nc6 14. Kg2 Nxe5 15. Bxe5 Bd6 16. Bxg7+ Kxg7 17. h4 h5 18. Qxg5+ Qxg5 19. hxg5 Be5 20. Nc3 c6 21. Rae1 Rae8 22. f4 Bd6 23. Nd1 Kg6 24. Nf2 h4 25. Nd3 hxg3 26. Kxg3 Kf5 27. Rh1 Rh8 28. Rxe8 Rxh1 29. Rd8 Ke6 30. Kg4 Rg1+ 31. Kf3 Rf1+ 32. Ke2 Rh1 33. Ne5 Rh2+ 34. Ke3 Ke7 35. Rd7+ Ke6 36.
Rxb7 c5 37. Rb6 d4+ 38. Kd3 Kd5 39. Rxa6 Rh3+ 40. Ke2 Rh2+ 41. Kd1 Rh1+ 42. Ke2 Rh2+ 43. Kf3 Rxd2 44. Rxd6+ 1-0

[Event "*** Titled Tuesday Blitz"]
[Site "Chess.com"]
[Date "2020.03.03"]
[Round "4"]
[White "Leonid_Starozhilov"]
[Black "Zq1"]
[Result "1-0"]
[WhiteElo "2718"]
[BlackElo "2546"]
[TimeControl "180+1"]
[EndTime "9:42:30 PST"]
[Termination "Leonid_Starozhilov won on time"]

1. b3 d5 2. Bb2 c5 3. e3 Nc6 4. Bb5 Bd7 5. Nf3 a6 6. Bxc6 Bxc6 7. Ne5 Rc8 8. O-O Nf6 9. d3 g6 10. Nd2 Bg7 11. f4 O-O 12. Ndf3 Be8 13. Qd2 b5 14. a3 Nh5 15. b4 f6 16. Ng4 Qc7 17. Rac1 d4 18.
bxc5 dxe3 19. Qxe3 Nxf4 20. Rfe1 e5 21. d4 exd4 22.
Bxd4 Bc6 23. Qb3+ Bd5 24. Qc3 Qc6 25. Re3 Rce8 26. Rce1 Rxe3 27. Qxe3 g5 28. h4 h5 29.
Ngh2 Nxg2 30. Kxg2 g4 31. Kf2 gxf3 32. Nxf3 Kf7 33. Qf4 Re8 34. Ne5+ Rxe5 35. Rxe5 Bh1 36. Re1 Qg2+ 37. Ke3 Bh6 38. Qxh6 Qe4+ 39. Kf2 Qxh4+ 40. Ke2 Qe4+ 41. Qe3 Qxc2+ 42. Qd2 Bf3+ 43. Ke3 Qe4+ 44. Kf2 Qg4 45. Rg1 Qf5 46. Qe3 1-0

[Event "*** Titled Tuesday Blitz"]
[Site "Chess.com"]
[Date "2020.03.03"]
[Round "4"]
[White "Off-War"]
[Black "suyu28"]
[Result "0-1"]
[WhiteElo "2722"]
[BlackElo "2577"]
[TimeControl "180+1"]
[EndTime "9:42:31 PST"]
[Termination "suyu28 won by checkmate"]

1. d4 Nf6 2. c4 e6 3. Nc3 Bb4 4.
a3 Bxc3+ 5. bxc3 c5 6. f3 d6 7. e4 e5 8. Bd3 Nc6 9. d5 Ne7 10. Ne2 O-O 11. Be3 Ng6 12. g4 Nh4 13. O-O Ng6 14. Qd2 b6 15. a4 a5 16. Ng3 Ne8 17. Nf5 Bd7 18. Kh1 Rb8 19. Rg1 Kh8 20. Bg5 f6 21. Be3 Ne7 22. h4 Nxf5 23. gxf5 Qe7 24. Rg3 Qf7 25. Rag1 Rg8 26. Qg2 Bxa4 27. h5 Bd7 28. h6 a4 29. Bb1 a3 30. Qh2 Ra8 31.
Ba2 Ra7 32. Rh3 Rb7 33. Rg4 Bc8 34. Rgh4 Re7 35. hxg7+ Rxg7 36. Rh6 Nc7 37. Bf2 Ne8 38. Bh4 Bb7 39. Bb3 Ba6 40. Qa2 b5 41. Qxa3 Bc8 42.
cxb5 Ra7 43. Qc1 Rg8 44. Bf2 Qg7 45. b6 Qg2# 0-1

[Event "*** Titled Tuesday Blitz"]
[Site "Chess.com"]
[Date "2020.03.03"]
[Round "4"]
[White "czasnaszachy"]
[Black "GM-2023"]
[Result "1-0"]
[WhiteElo "2286"]
[BlackElo "2037"]
[TimeControl "180+1"]
[EndTime "9:42:31 PST"]
[Termination "czasnaszachy won on time"]

1. d4 Nf6 2. c4 g6 3. Nc3 d5 4. cxd5 Nxd5 5. e4 Nxc3 6. bxc3 Bg7 7. Bc4 c5 8. Ne2 O-O 9. O-O Nc6 10. Be3 e6 11.
Rc1 Qe7 12. Qd2 Rd8 13. Rfd1 Ne5 14. Bb3 Ng4 15. Bg5 f6 16. Bf4 Kh8 17. h3 e5 18.
hxg4 exf4 19. Qxf4 f5 20. e5 fxg4 21. Ng3 Rf8 22.
Qe3 Bf5 23. Re1 Qh4 24. d5 Bh6 25. Qe2 Bxc1 26. Rxc1 Rae8 27. e6 Qe7 28. Rd1 Qd6 29. c4 Rf6 30. Qb2 Kg7 31. Ba4 Re7 32. Re1 b6 33.
Qd2 h6 34. Kh2 h5 35. Kg1 h4 36. Ne2 h3 37. g3 Re8 38. Qg5 Re7 39. Nf4 1-0

[Event "*** Titled Tuesday Blitz"]
[Site "Chess.com"]
[Date "2020.03.03"]
[Round "4"]
[White "ural58"]
[Black "Berardino"]
[Result "0-1"]
[WhiteElo "2425"]
[BlackElo "2646"]
[TimeControl "180+1"]
[EndTime "9:42:33 PST"]
[Termination "Berardino won on time"]

1. e4 c5 2. b3 b6 3. Bb2 Bb7 4. Qf3 Nc6 5. Qg3 Nf6 6. e5 Nd5 7. Nf3 e6 8. Na3 a6 9. Nc4 g6 10. h4 b5 11. Nd6+ Bxd6 12. exd6 Rg8 13. h5 g5 14. h6 Ncb4 15. O-O-O Nxa2+ 16. Kb1 Nab4 17. Rh5 f6 18. c3 Nc6 19. Bd3 Nf4 20. Bxh7 Rh8 21.
Bc2 Nxh5 22. Bg6+ Kf8 23. Bxh5 Rxh6 24. Rh1 Na5 25. Kc2 Be4+ 26. d3 Bg6 27. Bxg6 Rxh1 28. Nh2 c4 29. dxc4 bxc4 30. b4 Kg7 31. Be4 Rb8 32.
f4 Rxh2 33. Qxh2 Qh8 34. Qxh8+ Rxh8 35. bxa5 Rh4 36. Bb7 Rxf4 37. Bc1 Rf5 38. Bxa6 Rxa5 39. Bxc4 Kf7 40. Kd3 Rc5 41. Ba3 Rf5 42. Bb5 Rxb5 0-1

[Event "*** Titled Tuesday Blitz"]
[Site "Chess.com"]
[Date "2020.03.03"]
[Round "4"]
[White "Gabix_94"]
[Black "MITerryble"]
[Result "1-0"]
[WhiteElo "2697"]
[BlackElo "2921"]
[TimeControl "180+1"]
[EndTime "9:42:34 PST"]
[Termination "Gabix_94 won on time"]

1. d4 e6 2. Nf3 Nf6 3. c4 Bb4+ 4. Nbd2 O-O 5. a3 Be7 6. e4 d6 7. Bd3 Nbd7 8. O-O e5 9. h3 Nh5 10. Re1 g6 11. Bf1 a5 12. Nb1 Bf6 13. Nc3 c6 14. Bh6 Re8 15. Qd2 exd4 16. Nxd4 Nc5 17. Rad1 a4 18.
g4 Ng7 19. f4 Qb6 20. Kh2 Bd7 21. g5 Be7 22. f5 Bf8 23. f6 Nge6 24. Bxf8 Nxf8 25.
Nf3 Rad8 26. Qf2 Bc8 27. Rd2 Qc7 28. Qg3 Nb3 29. Rdd1 Nc5 30. Rd2 h5 31. Red1 Rxe4 32. Kg1 Re3 33. Qf4 Ree8 34. Rxd6 Rxd6 35. Qxd6 Qb6 36.
Qd4 Nfe6 37. Qf2 Qc7 38. Re1 Rd8 39. h4 Qf4 40. Ne2 Qg4+ 41. Qg3 Qxc4 42. Ned4 Qd5 43. Re5 Qd6 44. Nf5 gxf5 45. g6 Kf8 46. Ng5 f4 47.
Nxe6+ Bxe6 48. Qg5 1-0

[Event "*** Titled Tuesday Blitz"]
[Site "Chess.com"]
[Date "2020.03.03"]
[Round "4"]
[White "ChristianAlm"]
[Black "GameOverBro"]
[Result "1/2-1/2"]
[WhiteElo "2353"]
[BlackElo "2565"]
[TimeControl "180+1"]
[EndTime "9:42:34 PST"]
[Termination "Game drawn by repetition"]

1. e4 d6 2. d4 Nf6 3. Nc3 e5 4. Nf3 Nbd7 5. Bc4 Be7 6. a4 c6 7. O-O h6 8. h3 Qc7 9. Qe2 Nf8 10. Be3 Ng6 11. Rfd1 O-O 12. a5 Nh5 13. dxe5 dxe5 14. Qd2 Nhf4 15. Ne2 Nxe2+ 16. Qxe2 Bb4 17. a6 b5 18. Bb3 Qe7 19. c3 Bc5 20. Rd2 Bxe3 21. Qxe3 Nf4 22. Kh2 Qf6 23. Rad1 Be6 24. Rd6 Rfc8 25.
Bxe6 Nxe6 26. Rd7 c5 27. g3 Rc6 28. Nh4 Rxa6 29. Nf5 Kh7 30. Rb7 Rb6 31. Rdd7 Rxb7 32.
Rxb7 a6 33. Nd6 Ng5 34. h4 Qxd6 35. hxg5 hxg5 36. Qxg5 Kg8 37. Qf5 Rf8 38. Rd7 Qh6+ 39. Kg2 Qc1 40. Qxe5 Qxb2 41. Qd6 g6 42. Rd8 Rxd8 43.
Qxd8+ Kg7 44. e5 Qxc3 45. Qf6+ Kg8 46. Qd8+ Kh7 47. Qf6 Qc4 48. Qh4+ Kg8 49. Qd8+ Kg7 50. Qf6+ Kh7 51. Qh4+ Kg8 52. Qd8+ Kg7 53. Qf6+ Kh7 1/2-1/2

[Event "*** Titled Tuesday Blitz"]
[Site "Chess.com"]
[Date "2020.03.03"]
[Round "4"]
[White "Aygehovit1992"]
[Black "elohunter1999"]
[Result "0-1"]
[WhiteElo "2631"]
[BlackElo "2450"]
[TimeControl "180+1"]
[EndTime "9:42:36 PST"]
[Termination "elohunter1999 won on time"]

1. e4 c5 2. Nc3 Nc6 3. Bb5 Nd4 4.
Nf3 a6 5. Bd3 g6 6. O-O Bg7 7. Re1 d6 8. Nxd4 cxd4 9. Ne2 b6 10.
c3 dxc3 11. bxc3 Nf6 12. Bc2 Bb7 13. d3 O-O 14. Rb1 Rc8 15. Be3 Nd7 16. d4 Rc7 17. f4 Qa8 18. e5 Bxg2 19. Qd2 Rfc8 20. Rb3 b5 21. exd6 exd6 22. f5 Bd5 23. Nf4 Bxb3 24.
Bxb3 Nb6 25. fxg6 hxg6 26. Nxg6 Nc4 27. Bxc4 bxc4 28. Nf4 Re8 29. Nh5 Rce7 30. Nxg7 Kxg7 31. Bh6+ Kh7 32. Rxe7 Rxe7 33. Qg5 Qg8 34. Kf2 Qxg5 35.
Bxg5 Rb7 36. Ke3 Rb2 37. d5 Rxa2 38. Be7 Rxh2 39. Bxd6 Rc2 40. Kd4 Kg6 41. Kxc4 f5 42. Kd3 Rc1 43. c4 Kf7 44. c5 f4 45. c6 f3 46. Ke3 Rc3+ 47. Kf2 Rd3 0-1

[Event "*** Titled Tuesday Blitz"]
[Site "Chess.com"]
[Date "2020.03.03"]
[Round "4"]
[White "Gordima"]
[Black "vovachesss"]
[Result "1-0"]
[WhiteElo "2759"]
[BlackElo "2567"]
[TimeControl "180+1"]
[EndTime "9:42:39 PST"]
[Termination "Gordima won by checkmate"]

1. d4 Nf6 2. c4 c5 3. d5 b5 4.
cxb5 a6 5. e3 g6 6. Nc3 Bg7 7.
Nf3 O-O 8. a4 e6 9. dxe6 fxe6 10. Qd6 axb5 11. Bxb5 Na6 12. e4 Bb7 13. Bg5 Qc8 14.
Bxf6 Bxf6 15. Bxd7 Qb8 16. Bxe6+ Kg7 17. Qxb8 Raxb8 18. O-O Bc6 19. e5 Be7 20. Bd5 Bd7 21. b3 Nb4 22. Rad1 Bg4 23. h3 Nxd5 24. Nxd5 Bxf3 25.
gxf3 Bg5 26. Rd3 Rf5 27. Re1 Rd8 28. Re4 h5 29. Kf1 Rf7 30. e6 Rb7 31. Ke2 Re8 32. f4 Bf6 33. Kf3 Bd4 34. b4 Ra7 35. bxc5 Bxc5 36.
Rc3 Bd6 37. Rc6 Be7 38. Rc7 Rxc7 39. Nxc7 Rc8 40. Nd5 Kf8 41. Nb6 Rc3+ 42. Re3 Rc6 43. Nd7+ Ke8 44. Re2 Bd6 45. a5 Ke7 46. Nb6 Rc5 47.
a6 Ra5 48. a7 Bc7 49. a8=Q Bxb6 50. Qb7+ Kf6 51. Qf7# 1-0